Workbook
Name _.: #REF!
Name _.: #REF!
Name _R: #REF!
Name _R: #REF!
Name Area_Print: #REF!
Name Area_Print: #REF!
Name Clear_CAST_Price_Summary: BoardPortal!Clear_CAST_Price_Summary
Name Clear_CAST_Price_Summary: Currency!Clear_CAST_Price_Summary
Name Clear_CAST_Price_Summary: [0]!Clear_CAST_Price_Summary
Name Cost_Allocation: [1]Data!$C$2:$C$12
Name Cost_Allocation: [2]Data!$C$2:$C$12
Name CPA_Data: [1]Data!$F$2:$F$14
Name CPA_Data: [2]Data!$F$2:$F$14
Name Currency: [1]Data!$E$2:$E$19
Name Currency: [2]Data!$E$2:$E$19
Name Currency_A: [3]Data!$E$2:$E$19
Name Currency_A: [4]Data!$E$2:$E$19
Name Currency_Allocated: '[5]Option X3'!$D$9:$D$26
Name Currency_Allocated: '[6]Option X3'!$D$9:$D$26
Name CurrencyA: [7]Data!$E$2:$E$19
Name D: #REF!
Name D: #REF!
Name Data: BoardPortal!$A$29:$G$40
Name Data: #REF!
Name Data_Daywork: #REF!
Name Data_Daywork: #REF!
Name Data_Opt_Bill5: #REF!
Name Data_Opt_Bill5: #REF!
Name Option_N: '[5]Option X5'!$H$9:$H$18
Name Option_N: '[6]Option X5'!$H$9:$H$18
Name P: #REF!
Name P: #REF!
Name PS5_Allocation: [1]Data!$B$2:$B$20
Name PS5_Allocation: [2]Data!$B$2:$B$20
Name Q: #REF!
Name Q: #REF!
Name S: #REF!
Name S: #REF!
Name Sort_Data: #REF!
Name Sort_Data: #REF!
Name w: BoardPortal!w
Name w: Currency!w
Name w: [0]!w

Sheet BoardPortal
B1: Pricing Schedule : BoardPortal Solution
B3: VENDOR NAME
B7: IMPORTANT NOTES
B8: All cells highlighted in GREEN must be completed
B9: Quoted prices MUST be in ZAR, EXCLUDING VAT and ESCALATIONS
B11: BoardPortal Solution
B12: Prices MUST be quoted based on the SCOPE provided
B13: Estimated quantities are based on the requirements
B15: Training to be quoted based on the following assumptions:
B16: IT Admin: 1 X Training session (8hours)
B17: Admin (secretariats) 2 x Training sessions
B18: End User - 5 training sessions
... B26: All Prices must be exclusive of VAT
I29: YEAR 1 | N29: YEAR 2 | S29: YEAR 3 | X29: YEAR 4 | AC29: YEAR 5
A30: Item Number | B30: Category | C30: Description | D30: Unit charge | E30: CURRENCY | H30: Total Estimated Quantity | I30: Unit Price in Nominated Currency | J30: Unit Price in ZAR | K30: Total [Nominated Currency] | L30: Total in ZAR | M30: Total Estimated Quantity | N30: Unit Price in Nominated Currency | O30: Unit Price in ZAR | P30: Total [Nominated Currency] | Q30: Total in ZAR | R30: Total Estimated Quantity | S30: Unit Price in Nominated Currency | T30: Unit Price in ZAR | U30: Total [Nominated Currency] | V30: Total in ZAR | W30: Total Estimated Quantity | X30: Unit Price in Nominated Currency | Y30: Unit Price in ZAR | Z30: Total [Nominated Currency] | AA30: Total in ZAR | AB30: Total Estimated Quantity | AC30: Unit Price in Nominated Currency | AD30: Unit Price in ZAR | AE30: Total [Nominated Currency] | AF30: Total in ZAR
A31: 1 | B31: BoardPortal Licenses | C31: Subscription | D31: No. | E31: =IF(F31="","",IF(F31="ZAR","Local","Foreign")) -> Local | F31: ZAR | G31: =IF(E31="","",IF(E31="Foreign",VLOOKUP(F31,Currency!$E$20:$F$33,2,FALSE),1)) -> 1 | H31: 200 | I31: 0 | J31: =I31*$G31 -> 0 | K31: =I31*$H31 -> 0 | L31: =J31*$H31 -> 0 | M31: 250 | N31: 0 | O31: =N31*$G31 -> 0 | P31: =N31*$M31 -> 0 | Q31: =O31*$M31 -> 0 | R31: 250 | S31: 0 | T31: =S31*$G31 -> 0 | U31: =S31*$R31 -> 0 | V31: =T31*$R31 -> 0 | W31: 300 | X31: 0 | Y31: =X31*$G31 -> 0 | Z31: =X31*$W31 -> 0 | AA31: =Y31*$W31 -> 0 | AB31: 300 | AC31: 0 | AD31: =AC31*$G31 -> 0 | AE31: =AC31*$AB31 -> 0 | AF31: =AD31*$AB31 -> 0 | AU31: HKD
E32: =IF(F32="","",IF(F32="ZAR","Local","Foreign")) -> Local | F32: ZAR | G32: =IF(E32="","",IF(E32="Foreign",VLOOKUP(F32,Currency!$E$20:$F$33,2,FALSE),1)) -> 1 | I32: 0 | J32: =I32*$G32 -> 0 | K32: =I32*$H31 -> 0 | L32: =J32*$H31 -> 0 | N32: 0 | O32: =N32*$G32 -> 0 | P32: =N32*$M31 -> 0 | Q32: =O32*$M31 -> 0 | S32: 0 | T32: =S32*$G32 -> 0 | U32: =S32*$R31 -> 0 | V32: =T32*$R31 -> 0 | X32: 0 | Y32: =X32*$G32 -> 0 | Z32: =X32*$W31 -> 0 | AA32: =Y32*$W31 -> 0 | AC32: 0 | AD32: =AC32*$G32 -> 0 | AE32: =AC32*$AB31 -> 0 | AF32: =AD32*$AB31 -> 0
A33: 2 | B33: Training | C33: Administrators IT Support | D33: No. | E33: =IF(F33="","",IF(F33="ZAR","Local","Foreign")) -> Local | F33: ZAR | G33: =IF(E33="","",IF(E33="Foreign",VLOOKUP(F33,Currency!$E$20:$F$33,2,FALSE),1)) -> 1 | H33: 1 | I33: 0 | J33: =I33*$G33 -> 0 | K33: =I33*$H33 -> 0 | L33: =J33*$H33 -> 0 | N33: 0 | O33: =N33*$G33 -> 0 | P33: =N33*$M33 -> 0 | Q33: =O33*$M33 -> 0 | S33: 0 | T33: =S33*$G33 -> 0 | U33: =S33*$R33 -> 0 | V33: =T33*$R33 -> 0 | X33: 0 | Y33: =X33*$G33 -> 0 | Z33: =X33*$W33 -> 0 | AA33: =Y33*$W33 -> 0 | AC33: 0 | AD33: =AC33*$G33 -> 0 | AE33: =AC33*$AB32 -> 0 | AF33: =AD33*$AB32 -> 0
E34: =IF(F34="","",IF(F34="ZAR","Local","Foreign")) -> Local | F34: ZAR | G34: =IF(E34="","",IF(E34="Foreign",VLOOKUP(F34,Currency!$E$20:$F$33,2,FALSE),1)) -> 1 | I34: 0 | J34: =I34*$G34 -> 0 | K34: =I34*$H33 -> 0 | L34: =J34*$H33 -> 0 | N34: 0 | O34: =N34*$G34 -> 0 | P34: =N34*$M33 -> 0 | Q34: =O34*$M33 -> 0 | S34: 0 | T34: =S34*$G34 -> 0 | U34: =S34*$R33 -> 0 | V34: =T34*$R33 -> 0 | X34: 0 | Y34: =X34*$G34 -> 0 | Z34: =X34*$W33 -> 0 | AA34: =Y34*$W33 -> 0 | AC34: 0 | AD34: =AC34*$G34 -> 0 | AE34: =AC34*$AB33 -> 0 | AF34: =AD34*$AB33 -> 0
C35: Administrators: Meeting Organisers | D35: No. | E35: Local | F35: ZAR | G35: 1 | H35: 2 | I35: 0 | J35: =I35*$G35 -> 0 | K35: =I35*$H35 -> 0 | L35: =J35*$H35 -> 0 | M35: 1 | N35: 0 | O35: =N35*$G35 -> 0 | P35: =N35*$M35 -> 0 | Q35: =O35*$M35 -> 0 | R35: 1 | S35: 0 | T35: =S35*$G35 -> 0 | U35: =S35*$R35 -> 0 | V35: =T35*$R35 -> 0 | W35: 1 | X35: 0 | Y35: =X35*$G35 -> 0 | Z35: =X35*$W35 -> 0 | AA35: =Y35*$W35 -> 0 | AB35: 1 | AC35: 0 | AD35: =AC35*$G35 -> 0 | AE35: =AC35*$AB34 -> 0 | AF35: =AD35*$AB34 -> 0
E36: Local | F36: ZAR | G36: 1 | I36: 0 | J36: =I36*$G36 -> 0 | K36: =I36*$H35 -> 0 | L36: =J36*$H35 -> 0 | N36: 0 | O36: =N36*$G36 -> 0 | P36: =N36*$M35 -> 0 | Q36: =O36*$M35 -> 0 | S36: 0 | T36: =S36*$G36 -> 0 | U36: =S36*$R35 -> 0 | V36: =T36*$R35 -> 0 | X36: 0 | Y36: =X36*$G36 -> 0 | Z36: =X36*$W35 -> 0 | AA36: =Y36*$W35 -> 0 | AC36: 0 | AD36: =AC36*$G36 -> 0 | AE36: =AC36*$AB35 -> 0 | AF36: =AD36*$AB35 -> 0
C37: End Users | D37: No. | E37: =IF(F37="","",IF(F37="ZAR","Local","Foreign")) -> Local | F37: ZAR | G37: =IF(E37="","",IF(E37="Foreign",VLOOKUP(F37,Currency!$E$20:$F$33,2,FALSE),1)) -> 1 | H37: 5 | I37: 0 | J37: =I37*$G37 -> 0 | K37: =I37*$H37 -> 0 | L37: =J37*$H37 -> 0 | M37: 2 | N37: 0 | O37: =N37*$G37 -> 0 | P37: =N37*$M37 -> 0 | Q37: =O37*$M37 -> 0 | R37: 2 | S37: 0 | T37: =S37*$G37 -> 0 | U37: =S37*$R37 -> 0 | V37: =T37*$R37 -> 0 | W37: 2 | X37: 0 | Y37: =X37*$G37 -> 0 | Z37: =X37*$W37 -> 0 | AA37: =Y37*$W37 -> 0 | AB37: 2 | AC37: 0 | AD37: =AC37*$G37 -> 0 | AE37: =AC37*$AB34 -> 0 | AF37: =AD37*$AB34 -> 0
E38: =IF(F38="","",IF(F38="ZAR","Local","Foreign")) -> Local | F38: ZAR | G38: =IF(E38="","",IF(E38="Foreign",VLOOKUP(F38,Currency!$E$20:$F$33,2,FALSE),1)) -> 1 | I38: 0 | J38: =I38*$G38 -> 0 | K38: =I38*$H37 -> 0 | L38: =J38*$H37 -> 0 | N38: 0 | O38: =N38*$G38 -> 0 | P38: =N38*$M37 -> 0 | Q38: =O38*$M37 -> 0 | S38: 0 | T38: =S38*$G38 -> 0 | U38: =S38*$R37 -> 0 | V38: =T38*$R37 -> 0 | X38: 0 | Y38: =X38*$G38 -> 0 | Z38: =X38*$W37 -> 0 | AA38: =Y38*$W37 -> 0 | AC38: 0 | AD38: =AC38*$G38 -> 0 | AE38: =AC38*$AB37 -> 0 | AF38: =AD38*$AB37 -> 0
B39: Total | L39: =SUM(L31:L38) -> 0 | Q39: =SUM(Q31:Q38) -> 0 | V39: =SUM(V31:V38) -> 0 | AA39: =SUM(AA31:AA38) -> 0 | AF39: =SUM(AF31:AF38) -> 0
B41: GRAND TOTAL | L41: =SUM(L39,Q39,V39,AA39,AF39) -> 0
B43: YEAR-ON-YEAR PRICING ADJUSTMENT FORMULAS (WHERE APPLICABLE FOR PRICING ITEMS)

Sheet Currency
B2: =BoardPortal!B3 -> VENDOR NAME
B4: EXCHANGE RATES FOR MULTIPLE CURRENCIES
B6: NOTES:
B7: 1 | C7: The table below needs to be completed if the Employer will be exposed to any currency fluctuation as stipulated in Secondary Clause X3. For conversion of the foreign portions to Rand, please use the South African Reserve Bank's (SARB) exchange rate at 12:00 on the day of advertisement of the bid. This is in terms of the Preferential Procurement Policy Framework Act (PPPFA) with which the Employer has to comply. NB: Tenderers must submit proof of the SARB rate(s) of exchange used
B8: 2 | C8: The following URL (electronic route) is to be followed to access the relevant SARB rates on their web pages:
C9: www.resbank.co.za
C10: - Select Research - Then select Rates - Click on "Select historical exchange rates and other interest rates" - Clicking on the exchange rate in the following page opens the daily rates per currency and SA Rand
B11: 3 | C11: The Employer deals only in the currencies listed below unless other currencies are specifically approved for this tender. Kindly notify the Employer of any currency that the tenderer intends to use, but is not stipulated in the table, to consider sanctioning such currency. Sufficient time must be allowed for the assessment and to respond to such request. The onus is on the tenderer to submit a bid with approved currencies
B12: 4 | C12: The format in which the exchange rate must be inserted in the table is: 1 (One) Foreign Currency = R Amount (i.e. the Rand amount for one of each foreign currency applicable). Exchange rates must be rounded to 4 decimals NB : Only the USD/ZAR, GBP/ZAR and EUR/ZAR are published in this way on the SARB web pages above. The Rand rate with the other currencies must be inverted (1/Foreign Currency Rate) in order to list it in the required format in the table below
B13: 5 | C13: All information in the table below must conform with all other equivalent information in the offer.
C14: Payment in terms of Payment Method 2 is considered as a "foreign payment" although it will be effected in South African Rand. However, amounts for "F.O.R. Price-Goods supplied from Imported Items", are NOT considered as "foreign payments"
C15: If more than one payment method apply for a currency, the Tenderer must request an additional row be inserted in the table in order to split the values and identify the relevant method.
C18: MULTIPLE CURRENCIES
C19: No | D19: Currency Description | E19: Code | F19: Exchange Rate Currency 1,00 = | G19: Date Published | H19: Source
C20: 1 | D20: Australian Dollar | E20: AUD
C21: 2 | D21: Canadian Dollar | E21: CAN
C22: 3 | D22: Swiss Franc | E22: CHF
C23: 4 | D23: Danish Krone | E23: DKK
C24: 5 | D24: European Currency | E24: EUR
C25: 6 | D25: British Pound | E25: GBP
C26: 7 | D26: Hong Kong Dollar | E26: HKD
C27: 8 | D27: Japanese Yen | E27: JPY
C28: 9 | D28: Norwegian Krone | E28: NOK
C29: 10 | D29: New Zealand Dollar | E29: NZD
C30: 11 | D30: Swedish Krone | E30: SEK
C31: 12 | D31: Singapore Dollar | E31: SGD
C32: 13 | D32: United States Dollar | E32: USD
C33: 14 | D33: South African Rand | E33: ZAR | F33: 1
